 Dungeon Crawl Stone Soup version 0.28.0-47-ge53b351184 (webtiles) character file.

Game seed: 9951142314817473532

487 GigaChad the Slasher (level 6, -3/56 HPs)
             Began as a Minotaur Chaos Knight on May 5, 2022.
             Was a Plaything of Xom.
             Slain by Ijyb
             ... wielding a +3 club
              (5 damage)
             ... on level 4 of the Dungeon.
             The game lasted 00:09:40 (4471 turns).

GigaChad the Slasher (Minotaur Chaos Knight)        Turns: 4471, Time: 00:09:40

Health: -3/56      AC:  0    Str: 15 (16) XL:     6   Next: 89%
Magic:  5/5        EV: 14    Int:  7 (9)  God:    Xom [..*...]
Gold:   163        SH:  0    Dex: 10      Spells: 5/5 levels left

rFire   . . .      SeeInvis .   (weapon currently unavailable)
rCold   . . .      Faith    .   (shield currently unavailable)
rNeg    . . .      Spirit   .   (armour currently unavailable)
rPois   .          Reflect  .   (helmet currently unavailable)
rElec   .          Harm     .   (cloak currently unavailable)
rCorr   .          Rampage  .   (gloves currently unavailable)
Will    .....                   (boots currently unavailable)
Stlth   +.........              (no amulet)
HPRegen 0.18/turn               (ring currently unavailable)
MPRegen 0.09/turn               (ring currently unavailable)

@: pig-form (expiring), very quick
A: fast, no casting, small, (horns 2), (retaliatory headbutt), clumsy 1,
deterioration 2, mutation resistance 1, (electricity resistance), subdued magic
1
a: Renounce Religion


You were on level 4 of the Dungeon.
You worshipped Xom.
You were a toy of Xom.
You were a filthy swine.
You visited 1 branch of the dungeon, and saw 4 of its levels.

You collected 163 gold pieces.

Inventory:

Hand Weapons
 a - a +0 falchion of chaos (melded)
 j - a +1 trident of protection
 o - a +1 hand axe of flaming
Armour
 b - a +2 leather armour
 d - a +0 scale mail
 m - a +0 chain mail
 p - a +0 ring mail of cold resistance
 r - a +0 plate armour (melded)
 s - the +1 robe of Quantum Leap {Str+4 Int-4 Dex+5}
   (You found it on level 4 of the Dungeon)

   Str:       It affects your strength (+4).
   Int:       It affects your intelligence (-4).
   Dex:       It affects your dexterity (+5).
Magical Staves
 c - a staff of earth
Jewellery
 q - a ring of see invisible (melded)
Scrolls
 h - 2 scrolls of identify
 i - a scroll of immolation
Potions
 e - 2 potions of mutation {unknown}
 f - 3 potions of curing {unknown}
 g - a potion of brilliance {unknown}
 k - a potion of invisibility {unknown}
 l - a potion of haste {unknown}
 n - a potion of ambrosia {unknown}


   Skills:
 + Level 5.2 Fighting
 + Level 6.6 Long Blades
 + Level 5.6 Armour
 + Level 1.7 Dodging
 + Level 0.5 Stealth


You had 5 spell levels left.
You didn't know any spells.
Your spell library contained the following spells:

 Spells                   Type           Power      Damage    Failure   Level
 Animate Skeleton         Necr           0%         N/A       38%         1
 Apportation              Tloc           0%         N/A       38%         1
 Magic Dart               Conj           0%         1d3       38%         1
 Summon Small Mammal      Summ           0%         N/A       38%         1
 Call Imp                 Summ           0%         N/A       52%         2
 Mephitic Cloud           Conj/Pois/Air  0%         N/A       77%         3


Dungeon Overview and Level Annotations

Branches:
Dungeon (4/15)
 Temple: D:4-7

Altars:
Dithmenos
Fedhas
Gozag
Trog

Annotations:
D:4 Ijyb


Innate Abilities, Weirdness & Mutations

You are a filthy swine.
You move quickly.
Your equipment is almost entirely melded.
You are incapable of wielding weapons or throwing items.
You cannot cast spells.
((You have a pair of horns on your head.))
((You reflexively headbutt those who attack you in melee.))
You are clumsy. (Dex -2)
Your body often deteriorates upon taking damage.
You are somewhat resistant to further mutation.
((You are resistant to electric shocks. (rElec)))
Your spells are a little easier to cast, but a little less powerful.


Message History

You hit the hobgoblin.
You kill the hobgoblin!
You feel sick. The adder bites you. Ijyb closely misses you.
Found a stone staircase leading up.
You feel sick. The adder completely misses you.
You feel sick. Ijyb hits you with a +3 club!
* * * LOW HITPOINT WARNING * * *
Your body deteriorates!
You feel weakened. The adder misses you.
You feel sick.
Ijyb screams, "Me very upset!"
You feel sick.
You feel sick.
You feel sick.
Your transformation is almost over.
You feel sick. The adder barely misses you.
You hit the adder.
The adder is lightly wounded.
You feel sick.
You are no longer poisoned.
Ijyb screams, "I dance on your bones!" Ijyb hits you with a +3 club.
You die... "What?
Wait, NO!"
Xom revives you! The adder barely misses you.
You barely miss the adder.
The adder is lightly wounded.
Ijyb hits you with a +3 club.
* * * LOW HITPOINT WARNING * * *
The adder barely misses you.
You closely miss the adder.
The adder is lightly wounded.
The adder misses you. Ijyb hits you with a +3 club.
* * * LOW HITPOINT WARNING * * *
You closely miss the adder.
The adder is lightly wounded.
The adder barely misses you. Ijyb hits you with a +3 club.
You die...
Xom thinks this is hilarious!

##################
..................
#######.##########
# ####### #.# ..
#.....# #.# ####
#..##..h..# #.#
#... .......Sg.#
#.# #.##
##..#.....# #.#
##.## <.........#
#.# #....
.##.......# #.#
##### ..........#
#.# # .###....[.#
#.# # #..#'#####.#
# ######.#....##.#
########


You could see Ijyb and an adder.

Vanquished Creatures
  An ice beast (D:4)
  A scorpion (D:4)
  2 orc priests (D:3)
  An iguana (D:3)
  A hound skeleton (D:4)
  A gnoll (D:1)
  3 adders
  3 worms
  2 dart slugs
  5 orcs
  5 ball pythons
  6 endoplasms
  3 giant cockroaches
  7 goblins
  6 hobgoblins
  4 quokkas
  4 bats
  3 frilled lizards
  8 kobolds
  9 rats
75 creatures vanquished.

Vanquished Creatures (collateral kills)
  A scorpion (D:3)
  Jessica (D:2)
  3 gnolls (D:3)
5 creatures vanquished.

Vanquished Creatures (others)
  2 plants (D:3)
2 creatures vanquished.

Grand Total: 82 creatures vanquished

Notes
Turn   | Place    | Note
-------+----------+-------------------------------------------
     0 | D:1      | GigaChad the Minotaur Chaos Knight began the quest for the
                  | Orb.
     0 | D:1      | Reached XP level 1. HP: 19/19 MP: 0/0
    74 | D:1      | XOM: potion effect (curing)
    83 | D:1      | Reached skill level 4 in Long Blades
    83 | D:1      | Reached XP level 2. HP: 16/27 MP: 1/1
   313 | D:1      | Found a faded altar of an unknown god.
   873 | D:2      | Reached XP level 3. HP: 28/33 MP: 2/2
  1019 | D:2      | XOM: noise
  1257 | D:2      | XOM: potion effect (brilliance)
  1404 | D:2      | XOM: divination: detect items
  1477 | D:2      | XOM: silly message
  1525 | D:2      | XOM: divination: magic mapping
  1693 | D:2      | XOM: give mutations
  1693 | D:2      | Gained mutation: You are resistant to electric shocks.
                  | (rElec) [Xom's grace]
  1693 | D:2      | Gained mutation: You are somewhat resistant to further
                  | mutation. [Xom's grace]
  1730 | D:2      | Noticed Jessica
  1733 | D:2      | Killed Jessica
  1734 | D:2      | Reached skill level 5 in Long Blades
  1734 | D:2      | Reached XP level 4. HP: 40/41 MP: 3/3
  1833 | D:2      | XOM: god gift: chain mail {god gift}
  1857 | D:3      | XOM: cleaving
  2002 | D:3      | XOM: god gift: 40 gold pieces
  2303 | D:3      | Found a faded altar of an unknown god.
  2303 | D:3      | Noticed a scorpion
  2313 | D:3      | XOM: summons 4 friendly demons
  2326 | D:3      | Killed a scorpion
  2327 | D:3      | Reached XP level 5. HP: 9/47 MP: 4/4
  2344 | D:3      | Found a shadowy altar of Dithmenos.
  2988 | D:3      | XOM: give mutations
  2988 | D:3      | Gained mutation: Your spells are a little easier to cast,
                  | but a little less powerful. [Xom's mischief]
  2988 | D:3      | Gained mutation: Your body sometimes deteriorates upon
                  | taking damage. [Xom's mischief]
  2988 | D:3      | Gained mutation: You are clumsy. (Dex -2) [Xom's mischief]
  2988 | D:3      | Gained mutation: Your body often deteriorates upon taking
                  | damage. [Xom's mischief]
  3074 | D:3      | Reached XP level 6. HP: 46/55 MP: 5/5
  3083 | D:3      | Found a bloodstained altar of Trog.
  3083 | D:3      | Found a blossoming altar of Fedhas.
  3084 | D:3      | Found an opulent altar of Gozag.
  3168 | D:3      | XOM: confuse monster(s)
  3201 | D:3      | Reached skill level 5 in Fighting
  3201 | D:3      | Reached skill level 6 in Long Blades
  3201 | D:3      | Reached skill level 5 in Armour
  3920 | D:4      | XOM: scenery: 1 doors open
  4093 | D:4      | Identified the +1 robe of Quantum Leap {Str+4 Int-4 Dex+5}
  4431 | D:4      | Noticed an ice beast
  4439 | D:4      | XOM: confuse monster(s)
  4440 | D:4      | XOM: cast spell 'Call Canine Familiar'
  4446 | D:4      | Killed an ice beast
  4453 | D:4      | Noticed Ijyb
  4468 | D:4      | HP: 2/56 [poisoned by an adder]
  4468 | D:4      | Xom revived you
  4471 | D:4      | Slain by Ijyb

Illustrated notes

Levels and vault maps discovered:
D:1:      ncdulo_watergridlock, layout_basic, basic_ecumenical_altar,
          minmay_pentomino_x4
D:2:      layout_basic, uniq_jessica
D:3:      layout_rooms, nicolae_overflow_ecumenical_swirl,
          gammafunk_temple_overflow_forgotten
D:4:      layout_basic, uniq_ijyb, uniq_menkaure

Skill      XL: |  1  2  3  4  5  6 |
---------------+-------------------+-----
Fighting       | 4 5 |  5.2
Long Blades    | 4 5 6 |  6.6
Armour         | 3 4 5 |  5.6
Dodging        | |  1.7
Stealth        | |  0.5

Action                   |  1- 3 |  4- 6 || total
-------------------------+-------+-------++-------
Melee: Falchion          |    66 |   119 ||   185
       Punch             |     1 |     1 ||     2
       Headbutt          |    10 |    15 ||    25
       Unarmed           |       |     8 ||     8
  Use: Scroll            |       |     1 ||     1
 Stab: Confused          |       |     2 ||     2
Armor: Leather armour    |     3 |       ||     3
       Scale mail        |    24 |     2 ||    26
       Chain mail        |       |    59 ||    59
       Plate armour      |       |    14 ||    14
Dodge: Dodged            |    41 |    62 ||   103
